 Dungeon Crawl Stone Soup version 0.18-a0-902-g8738618 (webtiles) character file.

8 Jmtri7 the Bolt Thrower (level 2, -3/18 HPs)
             Began as a Kobold Hunter on Dec 25, 2015.
             Killed by nerve-wracking pain
             ... invoked by Jessica
              (10 damage)
             ... on level 2 of the Dungeon.
             The game lasted 00:04:15 (684 turns).

Jmtri7 the Bolt Thrower (Kobold Hunter)              Turns: 684, Time: 00:04:15

Health: -3/18      AC:  3    Str: 10    XL:     2   Next: 15%
Magic:  2/2        EV: 14    Int:  9    God:
Gold:   24         SH:  0    Dex: 16    Spells: 0 memorised, 1 level left

rFire  . . .     SeeInvis .     a - +1 hand crossbow
rCold  . . .     Gourm    .     c - +0 leather armour
rNeg   . . .     Faith    .     (shield restricted)
rPois  .         Spirit   .     (no helmet)
rElec  .         Dismiss  .     (no cloak)
rCorr  .         Reflect  .     (no gloves)
SustAt .         Harm     .     (no boots)
MR     .....                    (no amulet)
Stlth  +.........               (no ring)
                                (no ring)

@: confused, slowed, very slow, not resistant to hostile enchantments, very
unstealthy
A: carnivore 3
a: no special abilities


You were on level 2 of the Dungeon.
You were not hungry.

You visited 1 branch of the dungeon, and saw 2 of its levels.

You collected 24 gold pieces.

Inventory:

Hand Weapons
 a - a +1 hand crossbow (weapon)
 k - a +1 short sword of holy wrath
Missiles
 d - 2 bolts (quivered)
 g - 49 arrows
 j - 62 stones
Armour
 c - a +0 leather armour (worn)
Scrolls
 e - a scroll of remove curse {unknown}
 i - a scroll of fog {unknown}
 m - a scroll of magic mapping {unknown}
Potions
 b - a potion of lignification {unknown}
 h - a potion of heal wounds {unknown}
 l - a potion of cancellation {unknown}
Comestibles
 f - 2 meat rations


   Skills:
 + Level 2.5 Fighting
 + Level 5.0 Crossbows
 - Level 2.4 Dodging
 + Level 2.1 Stealth


You had one spell level left.
You didn't know any spells.

Dungeon Overview and Level Annotations

Branches:
Dungeon (2/15)

Altars:
Cheibriados

Annotations:
D:2 Jessica


Innate Abilities, Weirdness & Mutations

You are small and have problems with some larger weapons.
You are carnivorous and can eat meat at any time.


Message History

You shoot a bolt.
Jessica zaps a wand.
You resist with significant effort.
Jessica zaps a wand.
You resist with significant effort.
Firing (i - inventory. (,) - cycle):
d - 4 bolts (quivered)
Press: ? - help, Shift-Dir - straight line, f/p - Jessica
Aim: Jessica, wielding a club, wearing a robe and carrying a wand of confusion {zapped: 12} (fast)
You shoot a bolt.
Jessica zaps a wand.
You resist with significant effort.
Jessica zaps a wand.
You are more confused.
Firing (i - inventory. (,) - cycle):
d - 3 bolts (quivered)
Press: ? - help, Shift-Dir - straight line, f/p - Jessica
Aim: Jessica, wielding a club, wearing a robe and carrying a wand of confusion {zapped: 14} (fast)
You shoot a bolt. The bolt hits Jessica.
Jessica is moderately wounded.
Jessica says, "I'm really upset."
Jessica zaps a wand.
You resist with significant effort. Jessica closely misses you.
Jessica gestures at you while chanting. Pain shoots through your body!
Ouch! That really hurt!
You die...

..... ........#
..... ..#..((.# ..
... #.#.....## ...
#.###(#.$....
?...#...(......##
......._.......(. #
....#.........##...
......#...@......#.
###......@.<.......
#..............##
###.....(.....##
........###......
.......(. ####..
....((...#. #
##########


You could see Jessica.

Vanquished Creatures
  A giant gecko (D:1)
  A bat (D:1)
  A hobgoblin (D:1)
  2 kobolds (D:1)
  3 rats (D:1)
8 creatures vanquished.

Notes
Turn   | Place    | Note
--------------------------------------------------------------
     0 | D:1      | Jmtri7 the Kobold Hunter began the quest for the Orb.
     0 | D:1      | Reached XP level 1. HP: 12/12 MP: 1/1
   314 | D:1      | Reached XP level 2. HP: 18/18 MP: 2/2
   342 | D:1      | Reached skill level 5 in Crossbows
   659 | D:2      | Found a snail-covered altar of Cheibriados.
   661 | D:2      | Noticed Jessica
   684 | D:2      | Killed from afar by Jessica

Vault maps used:
D:1:      evilmike_arrival_run_for_it, serial_co_window_serial,
          co_window_paths_a, co_window_paths_a, co_window_paths_b,
          co_window_paths_b, co_window_of_opportunity_a, co_window_cross_4,
          co_window_corner_b, co_window_unsneaky_path_e, co_window_corner_b,
          co_window_paths_c, co_window_4corner_a, glass_columns_c,
          glass_columns_a, glass_columns_b, glass_columns_a
D:2:      cheibriados_altar_1, kennysheep_generic_room_3, uniq_jessica

Action                   || total
-------------------------++-------
 Fire: Hand crossbow     ||    24
